 Dungeon Crawl Stone Soup version 0.23.1 (webtiles) character file.

Game seed: 2398492544232761349

125 Hylith the Gusty (level 5, -1/28 HPs)
             Began as a Tengu Air Elementalist on Mar 10, 2019.
             Was an Initiate of Vehumet.
             Slain by a worm (3 damage)
             ... on level 4 of the Dungeon.
             The game lasted 00:09:13 (1141 turns).

Hylith the Gusty (Tengu Air Elementalist)           Turns: 1141, Time: 00:09:14

Health: -1/28      AC:  3    Str:  8    XL:     5   Next: 9%
Magic:  1/10       EV: 12    Int: 16    God:    Vehumet [......]
Gold:   65         SH:  0    Dex: 15    Spells: 9/10 levels left

rFire    . . .     SeeInvis .   e - +0 dagger
rCold    . . .     Gourm    .   (no shield)
rNeg     . . .     Faith    .   n - +0 leather armour (curse)
rPois    .         Spirit   .   (helmet restricted)
rElec    .         Reflect  .   (no cloak)
rCorr    .         Harm     .   (no gloves)
MR       .....                  (boots unavailable)
Stlth    ++........             (no amulet)
HPRegen  0.09/turn              (no ring)
MPRegen  0.12/turn              (no ring)

@: no status effects
A: beak, talons 3, able to fly
a: Fly, Renounce Religion


You were on level 4 of the Dungeon.
You worshipped Vehumet.
Vehumet was noncommittal.
You were not hungry.

You visited 2 branches of the dungeon, and saw 5 of its levels.

You collected 65 gold pieces.

Inventory:

Hand Weapons
 e - a +0 dagger (weapon)
Missiles
 j - 58 stones (quivered)
Armour
 a - a +0 robe
 l - a +0 pair of boots
 n - a cursed +0 leather armour (worn)
Wands
 r - a wand of iceblast (11)
Scrolls
 b - a scroll of immolation {unknown}
 d - a scroll of enchant armour {unknown}
 g - a scroll of identify {unknown}
 i - 2 scrolls of remove curse {unknown}
 k - a scroll of amnesia {unknown}
 p - a scroll of magic mapping {unknown}
 t - 3 scrolls of teleportation {unknown}
Potions
 f - a potion of haste {unknown}
 h - a potion of curing {unknown}
 o - a potion of agility {unknown}
 q - a potion of berserk rage {unknown}
 s - a potion of invisibility
Comestibles
 c - 5 rations
 m - 9 chunks of flesh


   Skills:
 - Level 2.1 Dodging
 - Level 2.0 Stealth
 + Level 3.2 Spellcasting
 * Level 2.4 Conjurations
 * Level 6.0 Air Magic


You had 9 spell levels left.
You knew the following spells:

 Your Spells              Type           Power        Failure   Level  Hunger
a - Shock                 Conj/Air       ###.         4%          1    None

Your spell library contained the following spells:

 Spells                   Type           Power        Failure   Level  Hunger
 Swiftness                Chrm/Air       ##......     12%         2    ##.....
 Static Discharge         Conj/Air       ###.....     14%         3    ###....
 Airstrike                Air            ###.......   22%         4    ####...
 Lightning Bolt           Conj/Air       ###.......   78%         5    ######.


Dungeon Overview and Level Annotations

Branches:
Dungeon (4/15)             Temple (1/1) D:4

Altars:
Dithmenos
Fedhas
Kikubaaqudgha
Makhleb
Okawaru
Qazlal
Vehumet
Xom
Zin
The Shining One


Innate Abilities, Weirdness & Mutations

You have a beak for a mouth.
You have claws for feet.
You can fly continuously.


Message History

Casting: Shock (safe; 4% risk of failure)
Confirm with . or Enter, or press ? or * to list all spells.
Aiming: Shock (safe; 4% risk of failure)
Press: ? - help, Shift-Dir - straight line, f/p - worm
Aim: a worm (heavily wounded)
The zap hits the worm.
The worm is heavily wounded.
You hit the worm.
The worm is heavily wounded.
The worm barely misses you.
You hit the worm but do no damage. You claw the worm.
The worm is heavily wounded.
The worm bites you.
* * * LOW HITPOINT WARNING * * *
You hit the worm but do no damage. You claw the worm.
The worm is heavily wounded.
You barely miss the worm. You claw the worm.
The worm is severely wounded.
The worm bites you.
You die...

..............#
.#####........# .#
###........# .#
#...⌠......# ##
#.......####
####.⌠.>.⌠..#
#...........#
.......⌠....######
.......##...##..@##
................w.##
...................#
..#####.......(...<#
...................#
....####.........(##
.#.## ##...##...##
..... ###.######
###... #.#


You could see a worm.

Vanquished Creatures
  An iguana (D:4)
  A worker ant (D:4)
  2 adders
  3 gnolls (D:4)
  2 leopard geckos (D:1)
  3 giant cockroaches
  2 goblins (D:1)
  4 hobgoblins
  3 kobolds (D:1)
  2 ball pythons (D:1)
  2 bats (D:1)
  3 frilled lizards
  3 rats
31 creatures vanquished.

Notes
Turn   | Place    | Note
-------+----------+-------------------------------------------
     0 | D:1      | Hylith the Tengu Air Elementalist began the quest for the
                  | Orb.
     0 | D:1      | Reached XP level 1. HP: 10/10 MP: 4/4
    84 | D:1      | Reached XP level 2. HP: 15/15 MP: 1/6
   633 | D:2      | Reached skill level 5 in Air Magic
   633 | D:2      | Reached XP level 3. HP: 19/19 MP: 1/7
   776 | D:2      | You fall through a shaft for 2 floors!
   776 | D:4      | Found a staircase to the Ecumenical Temple.
   782 | D:4      | Reached XP level 4. HP: 20/24 MP: 2/9
   787 | Temple   | Entered the Ecumenical Temple
   862 | Temple   | Became a worshipper of Vehumet
  1049 | D:4      | HP: 1/24 [gnoll/+0 spear (8)]
  1060 | D:4      | Reached skill level 6 in Air Magic
  1060 | D:4      | Gained mutation: You can fly continuously. [Tengu growth]
  1060 | D:4      | Reached XP level 5. HP: 1/28 MP: 0/10
  1141 | D:4      | Slain by a worm

Skill      XL: |  1  2  3  4 |
---------------+-------------+-----
Air Magic      | 5 6 |  6.0
Spellcasting   | 3 |  3.2
Conjurations   | 2 |  2.4
Dodging        | |  2.1
Stealth        | |  2.0

Action                   |  1- 3 |  4- 6 || total
-------------------------+-------+-------++-------
Melee: Unarmed           |     5 |       ||     5
       Dagger            |    13 |     8 ||    21
       Kick              |     5 |     4 ||     9
       Peck              |     3 |       ||     3
Throw: Stone             |       |     4 ||     4
 Cast: Shock             |    48 |    33 ||    81
  Eat: Chunk             |       |     1 ||     1
Armor: Robe              |     5 |       ||     5
Dodge: Dodged            |    24 |     9 ||    33
